 Dungeon Crawl Stone Soup version 0.31-a0-133-gaae73658be (console) character file.

Game seed: 12394714764030360150

245 petzl the Sneak (level 6, -3/48 HPs)
             Began as a Formicid Delver on June 2, 2023.
             Splashed by a jelly's acid (8 damage)
             ... on level 4 of the Dungeon.
             The game lasted 00:09:43 (3359 turns).

petzl the Sneak (Formicid Delver)                   Turns: 3359, Time: 00:09:43

Health: -3/48      AC: -6    Str: 17    XL:     6   Next: 32%
Magic:  6/6        EV: 12    Int: 11    God:
Gold:   263        SH:  0    Dex: 15    Spells: 5/5 levels left

rFire   . . .        a - +1 flail (protect)
rCold   + . .        (no shield)
rNeg    . . .        k - +0 leather armour {rC+}
rPois   .            (helmet unavailable)
rElec   .            (no cloak)
rCorr   .            (no gloves)
SInv    +            q - +2 pair of boots {rampage}
Will    .....        (no amulet)
Stlth   +++          (no ring)
HPRegen 0.28/turn    (no ring)
MPRegen 0.10/turn

%: rampage
@: corroded
A: permanent stasis, dig shafts and tunnels, antennae 3, four strong arms
a: Dig, Shaft Self


You were on level 4 of the Dungeon.
You visited 1 branch of the dungeon, and saw 7 of its levels.

You collected 263 gold pieces.

Inventory:

Hand Weapons
 a - a +1 flail of protection (weapon)
 b - a +2 sling of freezing
 x - a +1 dagger of venom {!f =f}
Missiles
 g - 14 poisoned darts
 s - 6 silver javelins
 y - a throwing net
Armour
 k - a +0 leather armour of cold resistance (worn)
 m - a +0 tower shield
 q - a +2 pair of boots of rampaging (worn)
 w - an orb of energy
Wands
 f - a wand of digging (3)
Scrolls
 c - a scroll of fog
 d - 2 scrolls of magic mapping
 e - a scroll of fear
 j - 2 scrolls of immolation {unknown}
 n - a scroll of enchant weapon {unknown}
 o - a scroll of silence {unknown}
 t - a scroll of teleportation {unknown}
 u - 2 scrolls of identify {unknown}
 v - a scroll of blinking {unknown}
Potions
 h - 2 potions of might {unknown}
 i - a potion of curing {unknown}
 l - 5 potions of heal wounds {unknown}
 p - a potion of ambrosia {unknown}
 r - a potion of mutation {unknown}


   Skills:
 - Level 3.7 Fighting
 - Level 3.0 Maces & Flails
 + Level 4.3 Ranged Weapons
 - Level 2.3 Dodging
 - Level 6.3 Stealth


You had 5 spell levels left.
You didn't know any spells.
Your spell library was empty.

Dungeon Overview and Level Annotations

Branches:
Dungeon (7/15)
 Temple: D:4-7

Altars:

Annotations:
D:5 exclusion: 2 downstairs
D:6 Dowan, Duvessa


Innate Abilities, Weirdness & Mutations

You cannot be hasted, slowed, berserked, paralysed or teleported.
You can dig through walls and to a lower floor.
You have a pair of large antennae on your head. (SInv)
Your four strong arms can wield two-handed weapons with a shield.


Message History

The quokka bites you but does no damage.
You barely miss the jelly. The quokka misses you.
The jelly hits you but does no damage.
You hit the jelly. The acid corrodes you!
Your hands burn!
The jelly is moderately wounded.
The quokka misses you. The jelly hits you. The acid corrodes you!
You are splashed with acid!
The quokka bites you. The quokka attacks as you move away!
The quokka completely misses you. The jelly attacks as you move away!
The jelly misses you.
You hit the jelly but do no damage.
Your weapon exudes an aura of protection.
Your hands burn!
The jelly is moderately wounded.
The jelly hits you but does no damage. The jelly barely misses you.
You hit the jelly.
Your hands burn!
The jelly is severely wounded.
The jelly hits you but does no damage.
You barely miss the jelly.
The jelly is severely wounded.
The jelly hits you but does no damage.
You hit the jelly but do no damage.
Your hands burn!
The jelly is severely wounded.
The jelly barely misses you.
You hit the jelly.
Your hands burn!
The jelly is severely wounded.
The jelly closely misses you. The jelly hits you but does no damage.
The jelly attacks as you move away! The jelly barely misses you.
There is a stone staircase leading up here.
The jelly hits you.
You are splashed with acid!
You climb upwards.
There is a stone staircase leading down here.
The jelly attacks as you move away! The jelly hits you.
* * * LOW HITPOINT WARNING * * *
The acid corrodes you!
You are splashed with acid!
* * * LOW HITPOINT WARNING * * *
Are you sure you want to shaft yourself?
The jelly hits you.
* * * LOW HITPOINT WARNING * * *
You are splashed with acid!
You die...

#...........#<......##⌠#.......#.....
#.......>...#......##..'.......'.....
#...........#.....##..⌠#.......#.....
######......##'####...##.......###...
#...........#⌠..##..........#...
#...........#.>.#...........#...
######...........#⌠..##..........#...
......)..........##...##.........#...
..................##..⌠#####.....#...
.........>.........##......#.....#...
....................##⌠#†..#.....#...
############.........###...'.....'...
#..........#....#.#...#...
#..........#....#.#...###'
###'########....#.#...#...
#..............#.#...#...
##.............##.##..#...
#..............#...#..#...
#......@.......#.#.#..#...
#......J..##..##.#.##.#...
########........##..#..#..#.#...
#..)...#...........##.###.###...
#......#.........###..#)#..###..
#......#......####...##.##...###
#......#..#####....###...###....
####'###........####...#..)####.
#.........#####....###...###....
#.............####...##)##...###
#.......(........###..#.#÷.###..
#.............#######.#.#.###...
#.............#.....#.....####'#
#.........##..#.....##...##.....
#.........##..#......#.).#......
##....##.....<#......#...#......
##....##......#......##.##..##'#
#......#......#....####.#####...
#......#......#....# #.# #...


You could see a jelly.

Vanquished Creatures
  A scorpion (D:4)
  2 orc wizards
  A gnoll (D:4)
  2 adders
  An ufetubus (D:3)
  6 worms
  3 dart slugs
  5 orcs
  9 ball pythons
  7 endoplasms
  5 giant cockroaches
  2 goblins
  6 hobgoblins
  5 kobolds
  6 quokkas
  7 bats
  3 frilled lizards
  A rat (D:2)
72 creatures vanquished.

Notes
Turn   | Place    | Note
-------+----------+-------------------------------------------
     0 | D:5      | petzl the Formicid Delver began the quest for the Orb.
     0 | D:5      | Reached XP level 1. HP: 18/18 MP: 1/1
    10 | D:6      | Noticed Duvessa
    11 | D:6      | Noticed Dowan
    86 | D:5      | Noticed an iguana
   300 | D:7      | Noticed an orc wizard
   396 | D:4      | Reached XP level 2. HP: 19/24 MP: 2/2
   477 | D:2      | Reached XP level 3. HP: 29/29 MP: 3/3
  1169 | D:2      | Reached XP level 4. HP: 37/37 MP: 4/4
  1376 | D:2      | Reached skill level 1 in Ranged Weapons
  1710 | D:2      | Found a faded altar of an unknown god.
  1979 | D:3      | Reached XP level 5. HP: 42/42 MP: 5/5
  3046 | D:4      | Reached XP level 6. HP: 26/48 MP: 6/6
  3359 | D:4      | Splashed by a jelly's acid

Illustrated notes

Levels and vault maps discovered:
D:1:      minmay_arrival_arboretum_small, layout_rooms
D:2:      layout_basic, shapermc_ecumenical_altar_venn
D:3:      layout_loops_ring, minmay_diced_spiral
D:4:      minmay_general_purpose_star, layout_gridville, grunt_ministairs_8
D:5:      layout_basic, minmay_temple_entry_enclosed_plants, minmay_fountain_box
D:6:      layout_gridville, mainiacjoe_overflow_six_doors_small,
          enter_ossuary_5, hangedman_decor_points, nicolae_shop_dragon_depot,
          hangedman_abyss_or_decor_stagger, corexii_leaking_fountain,
          uniq_duvessa, uniq_prince_ribbit1
D:7:      layout_loops_ring, grunt_dithmenos_shadows, minmay_shop_chei,
          st_stairs_4, uniq_crazy_yiuf_cottage

Skill      XL: |  1  2  3  4  5 |
---------------+----------------+-----
Dodging        | 2 |  2.3
Maces & Flails | 3 |  3.0
Ranged Weapons | 2 4 |  4.3
Fighting       | |  3.7
Stealth        | |  6.3

Action                     |  1- 3 |  4- 6 || total
---------------------------+-------+-------++-------
  Melee: Mace              |    11 |       ||    11
         Flail             |    60 |   137 ||   197
         Punch             |       |     2 ||     2
         Dagger            |       |     7 ||     7
   Fire: Sling             |     5 |    11 ||    16
Ability: Shaft Self        |       |     1 ||     1
   Stab: Sleeping          |     7 |     9 ||    16
 Armour: Leather armour    |    20 |    54 ||    74
  Dodge: Dodged            |    43 |    80 ||   123

Table legend: (Time is in decaauts)
 A = Elapsed time spent in this place.
 B = Non-inter-level travel time spent in this place.
 C = Inter-level travel time spent in this place.
 D = Time resting spent in this place.
 E = Time spent auto-exploring this place.
 F = Levels seen in this place.
 G = Mean time per level.
                   A        B        C        D        E       F      G
               +--------+--------+--------+--------+--------+-----+--------+
         Total |   3414 |   3298 |    116 |    254 |   1953 |   7 |  487.7 |
       Dungeon |   3414 |   3298 |    116 |    254 |   1953 |   7 |  487.7 |
               +--------+--------+--------+--------+--------+-----+--------+

Top non-repeatable levels by time:
     D:4: 969 daAuts
     D:2: 901 daAuts
     D:3: 744 daAuts
     D:1: 459 daAuts
     D:5: 226 daAuts
     D:6: 97 daAuts
     D:7: 16 daAuts
